 Dungeon Crawl Stone Soup version 0.31-a0-1227-g0136665373 (webtiles) character file.

Game seed: 13000024006935372723

11442 BubbleThief the Grappler (level 11, -1/82 HPs)
             Began as an Octopode Shapeshifter on Dec 14, 2023.
             Was a Believer of Wu Jian.
             Slain by a boulder beetle (25 damage)
             ... on level 11 of the Dungeon.
             The game lasted 00:17:16 (10107 turns).

BubbleThief the Grappler (Octopode Shapeshifter)   Turns: 10107, Time: 00:17:17

Health: -1/82      AC:  5    Str: 23    XL:     11   Next: 77%
Magic:  11/11      EV: 13    Int: 13    God:    Wu Jian [**....]
Gold:   669        SH:  0    Dex: 15    Spells: 10/10 levels left

rFire   + .          .
                       - Unarmed
rCold   + . .        (shield currently unavailable)
rNeg    + . .        (helmet restricted)
rPois   +            n - amulet of the acrobat
rElec   .            i - ring of protection from fire
rCorr   .            H - ring of Sauffiuj {rPois rN+ Str+5}
SInv    .            I - +4 ring of protection
Will    .....        M - ring "Tig Awka" {rC+ Dex+4}
Stlth   ++           (no ring)
HPRegen 0.33/turn    (no ring)
MPRegen 0.12/turn    (no ring)
                     (no ring)

%: acrobat
@: blade tentacles
A: almost no armour, amphibious, 8 rings, camouflage 1, gelatinous body 1,
(nimble swimmer 1), tentacles
a: Begin Untransformation, Renounce Religion, Wall Jump


You were on level 11 of the Dungeon.
You worshipped Wu Jian.
Wu Jian was pleased with you.
You had blades for main tentacles.
You visited 2 branches of the dungeon, and saw 12 of its levels.
You also visited: Ossuary.

You collected 1101 gold pieces.
You spent 432 gold pieces at shops.

Inventory:

Missiles
 h - 3 atropa-tipped darts
 G - 3 throwing nets
Jewellery
 i - a ring of protection from fire (left blade tentacle)
 n - an amulet of the acrobat (around mantle)
 A - an amulet of faith
 D - a ring of ice
 H - the ring of Sauffiuj (right blade tentacle) {rPois rN+ Str+5}
   (You found it on level 6 of the Dungeon)

   [ring of poison resistance]

   Str+5:     It affects your strength (+5).
   rPois:     It protects you from poison rN+: It protects you from negative
   energy.
 I - a +4 ring of protection (on tentacle)
 M - the ring "Tig Awka" (on tentacle) {rC+ Dex+4}
   (You found it on level 8 of the Dungeon)

   [ring of protection from cold]

   Dex+4:     It affects your dexterity (+4).
   rC+:       It protects you from cold.
Talismans
 b - a beast talisman
 c - a flux talisman
 t - a granite talisman
 C - a blade talisman (active)
Wands
 k - a wand of flame (22)
 F - a wand of polymorph (5)
 L - a wand of roots (5)
Scrolls
 e - 10 scrolls of identify
 j - a scroll of torment
 l - a scroll of revelation
 v - 2 scrolls of amnesia
 x - a scroll of fog
 y - a scroll of immolation
Potions
 a - 6 potions of lignification
 d - 2 potions of heal wounds
 f - 6 potions of curing
 g - 4 potions of attraction
 m - 6 potions of mutation
 p - 3 potions of magic
 q - 3 potions of haste
 r - 2 potions of ambrosia {unknown}
 s - 3 potions of brilliance
 u - a potion of resistance {unknown}
 w - 2 potions of degeneration {unknown}
 z - a potion of berserk rage {unknown}
 K - 2 potions of might


   Skills:
 + Level 10.8 Fighting
 - Level 2.0 Dodging
 + Level 11.1 Unarmed Combat
 + Level 10.2 Shapeshifting


You had 10 spell levels left.
You didn't know any spells.
Your spell library contained the following spells:

 Spells                   Type           Power      Damage    Failure   Level
 Kiss of Death            Conj/Necr      0%         2d5       30%         1
 Slow                     Hex            0%         N/A       30%         1
 Ensorcelled Hibernation  Hex/Ice        0%         N/A       43%         2
 Passwall                 Tmut/Erth      0%         N/A       43%         2
 Sublimation of Blood     Necr           0%         N/A       43%         2
 Wereblood                Tmut           0%         N/A       43%         2
 Confusing Touch          Hex            0%         N/A       67%         3
 Sigil of Binding         Hex            0%         N/A       67%         3
 Swiftness                Air            0%         N/A       67%         3
 Tukima's Dance           Hex            0%         N/A       67%         3
 Vampiric Draining        Necr           0%         2d6       67%         3
 Dispel Undead            Necr           0%         3d6       97%         4
 Passage of Golubria      Tloc           0%         N/A       97%         4
 Vhi's Electric Charge    Tloc/Air       0%         N/A       97%         4
 Arcjolt                  Conj/Air       0%         1d10      100%        5
 Yara's Violent Unravell  Hex/Tmut       0%         3d3       100%        5
 Plasma Beam              Fire/Air       0%         2x1d10    100%        6
 Summon Hydra             Summ           0%         N/A       100%        7


Dungeon Overview and Level Annotations

Branches:
Dungeon (11/15)            Temple (1/1) D:7            Lair (0/5) D:11
    Orc (0/2) D:10        Ossuary (visited)

Altars:
Ashenzari
Cheibriados
Dithmenos
Elyvilon
Fedhas
Gozag
Hepliaklqana
Kikubaaqudgha
Makhleb
Nemelex Xobeh
Okawaru
Qazlal
Ru
Sif Muna
Trog
Uskayaw
Vehumet
Wu Jian
Xom
Yredelemnul
Zin
The Shining One

Shops:
D:2 [[   D:5 =   D:9 =

Annotations:
D:4 3 runed translucent doors, Drain's ghost, amateur HOFi
D:9 2 transporters
D:11 1 transporter, wally255's ghost, journeyman MiFi


Innate Abilities, Weirdness & Mutations

You have blades for main tentacles.
You are incapable of wielding weapons or throwing items.
You cannot wear most types of armour.
You are amphibious.
You can wear up to eight rings at the same time.
Your skin changes colour to match your surroundings (Stealth+).
Your rubbery body absorbs attacks. (AC +1, EV +1)
((You are camouflaged when in or above water. (Stealth+)))
You have tentacles for arms and can constrict up to eight enemies at once.


Message History

You lunge at the orc wizard, in a flurry of attacks.
You closely miss the orc wizard.
The orc wizard shouts!
Your grab misses the orc wizard. You slice the orc wizard!!
You kill the orc wizard!
The Council accepts your kill.
No target in view!
No target in view!
You open the door.
There is an open door here.
A boulder beetle comes into view.
The boulder beetle curls into a ball and begins rolling!
You lunge at the boulder beetle.
You hit the boulder beetle. You slash the boulder beetle.
The boulder beetle is lightly wounded.
The boulder beetle hits you!!
The boulder beetle stops rolling and uncurls.
You hit the boulder beetle. You squeeze the boulder beetle!
The boulder beetle is moderately wounded.
The boulder beetle bites you.
You slash the boulder beetle!
The boulder beetle is heavily wounded.
The boulder beetle bites you but does no damage.
You hit the boulder beetle but do no damage.
You squeeze the boulder beetle.
The boulder beetle is heavily wounded.
The boulder beetle bites you!
You are too injured to fight recklessly!
You are too injured to fight recklessly!
You hit the boulder beetle but do no damage.
The boulder beetle is heavily wounded.
You completely miss the boulder beetle.
The boulder beetle is heavily wounded.
The boulder beetle bites you!
* * * LOW HITPOINT WARNING * * *
Unknown command.
You hit the boulder beetle but do no damage.
The boulder beetle is heavily wounded.
The boulder beetle bites you!!
You die...

#.# #.# #.# #.# #.#
#+# #####.### ...##
#.......## ....##
#........# .....##
#..##.#@.#
......####...#.#.B#
......'.............
......####...###..###
.....## #...# #..#
.)..## #.#.# #..#
...## #........#####.
#'## ###.#####.......
#.## #.# #........


You could see a boulder beetle.

Vanquished Creatures
  Erolcha (D:11)
  A two-headed ogre (D:9)
  A boulder beetle (D:10)
  Pikel (D:4)
  A cyclops (D:11)
  Joseph (D:7)
  An unseen horror (D:11)
  Jeremiah (D:8)
  Maggie (D:10)
  A troll (D:9)
  A hornet (D:6)
  A wraith (D:11)
  11 yaks (D:8)
  A vampire (D:9)
  2 shadows
  A wyvern (D:9)
  A steam dragon (D:9)
  2 wargs (D:11)
  2 acid dragons
  An orc warrior (D:11)
  Duvessa (D:7)
  A black bear (D:4)
  2 ice beasts
  A sky beast (D:6)
  An ogre (D:6)
  3 lemures (D:4)
  2 centaurs
  A phantom (D:7)
  5 bullfrogs
  An elf zombie (D:4)
  2 gnoll sergeants
  14 scorpions
  Dowan (D:7)
  3 killer bees (D:5)
  4 howler monkeys
  An electric eel (D:10)
  6 centaur zombies (Ossuary)
  3 jellies (D:7)
  3 gnoll boudas
  2 human zombies (Ossuary)
  9 orc priests
  2 hounds
  2 human skeletons (D:4)
  3 iguanas (D:5)
  4 scorpion zombies (Ossuary)
  16 orc wizards
  3 sleepcaps
  3 mummies (Ossuary)
  19 gnolls
  11 adders
  2 ufetubi
  2 worms
  2 dart slugs
  35 orcs
  5 endoplasms
  4 giant cockroaches
  5 gnoll zombies (Ossuary)
  4 hobgoblins
  4 jackals
  5 quokkas
  2 ball pythons
  5 bats
  7 goblins
  A goblin zombie (Ossuary)
  2 hobgoblin zombies (Ossuary)
  3 kobolds (D:1)
  2 kobold zombies (Ossuary)
  2 orc skeletons (D:4)
  4 orc zombies
  2 rats
260 creatures vanquished.

Notes
Turn   | Place    | Note
-------+----------+-------------------------------------------
     0 | D:1      | BubbleThief the Octopode Shapeshifter began the quest for
                  | the Orb.
     0 | D:1      | Reached XP level 1. HP: 13/13 MP: 1/1
   118 | D:1      | Reached XP level 2. HP: 17/18 MP: 2/2
   536 | D:2      | Reached XP level 3. HP: 23/24 MP: 3/3
   954 | D:2      | Found Kiex's Antique Armour Shop.
   986 | D:2      | Found Kanoh's Armour Shoppe.
  1365 | D:3      | Reached XP level 4. HP: 18/29 MP: 4/4
  1731 | D:3      | Found a faded altar of an unknown god.
  1734 | D:3      | Reached XP level 5. HP: 32/35 MP: 5/5
  1737 | D:3      | Reached skill level 4 in Unarmed Combat
  1977 | D:4      | Noticed a black bear
  1984 | D:4      | Killed a black bear
  2046 | D:4      | Found a runed translucent gate.
  2047 | D:4      | Found a runed translucent gate.
  2049 | D:4      | Found a runed translucent gate.
  2050 | D:4      | Noticed Drain's ghost (amateur HOFi)
  2052 | D:4      | Noticed a kobold brigand
  2101 | D:4      | Reached XP level 6. HP: 42/42 MP: 6/6
  2107 | D:4      | Found a sand-covered staircase.
  2183 | Ossuary  | Entered an ossuary
  2238 | Ossuary  | Reached skill level 5 in Unarmed Combat
  2383 | Ossuary  | Reached XP level 7. HP: 48/48 MP: 7/7
  2482 | Ossuary  | Reached skill level 5 in Shapeshifting
  2559 | Ossuary  | Reached skill level 5 in Fighting
  2559 | Ossuary  | Reached XP level 8. HP: 47/55 MP: 8/8
  2706 | Ossuary  | Reached skill level 6 in Unarmed Combat
  3352 | D:4      | Noticed Pikel
  3497 | D:4      | Killed Pikel
  3498 | D:4      | Reached skill level 7 in Unarmed Combat
  3498 | D:4      | Reached XP level 9. HP: 39/63 MP: 9/9
  3776 | D:5      | Entered Level 5 of the Dungeon
  3776 | D:5      | Found Ceotos's Jewellery Shop.
  4237 | D:5      | Found a shimmering altar of Xom.
  5097 | D:6      | Reached skill level 8 in Unarmed Combat
  5800 | D:6      | Identified the ring of Sauffiuj {rPois rN+ Str+5}
  5948 | D:5      | Bought a +4 ring of protection for 432 gold pieces
  5974 | D:7      | Noticed Duvessa
  5974 | D:7      | Noticed Dowan
  5992 | D:7      | Noticed a hornet
  5992 | D:7      | Found a staircase to the Ecumenical Temple.
  6000 | D:6      | Killed a hornet
  6001 | D:6      | Reached XP level 10. HP: 49/72 MP: 10/10
  6076 | D:7      | Noticed Joseph
  6191 | D:7      | Killed Dowan
  6207 | D:7      | Killed Joseph
  6519 | D:8      | Noticed Jeremiah
  6533 | D:8      | Killed Jeremiah
  6534 | D:8      | Reached skill level 9 in Unarmed Combat
  7232 | D:8      | Identified the ring "Tig Awka" {rC+ Dex+4}
  7456 | D:7      | Killed Duvessa
  7675 | Temple   | Entered the Ecumenical Temple
  7699 | Temple   | Became a worshipper of the Wu Jian Council
  7860 | D:7      | Identified a scroll of acquirement
  7860 | D:7      | Acquired 407 gold pieces
  8176 | D:9      | Reached skill level 10 in Unarmed Combat
  8176 | D:9      | Reached XP level 11. HP: 72/81 MP: 11/11
  8205 | D:9      | Noticed a deep elf knight
  8208 | D:9      | Found a transporter.
  8264 | D:9      | Found a transporter.
  8413 | D:9      | Noticed a two-headed ogre
  8418 | D:9      | Killed a two-headed ogre
  8545 | D:9      | Reached skill level 10 in Fighting
  8716 | D:9      | Reached * piety under Wu Jian
  8764 | D:9      | Found Kibaus's Jewellery Emporium.
  9077 | D:10     | Entered Level 10 of the Dungeon
  9077 | D:10     | Noticed Maggie
  9080 | D:10     | Killed Maggie
  9086 | D:10     | Found a staircase to the Orcish Mines.
  9211 | D:10     | Noticed a boulder beetle
  9233 | D:10     | Killed a boulder beetle
  9664 | D:11     | Noticed a cyclops
  9671 | D:11     | Killed a cyclops
  9764 | D:11     | Found a transporter.
  9766 | D:11     | Noticed a two-headed ogre
  9767 | D:11     | Noticed wally255's ghost (journeyman MiFi)
  9768 | D:11     | Noticed a manticore
  9791 | D:11     | Reached skill level 10 in Shapeshifting
  9856 | D:11     | Noticed Erolcha
  9874 | D:11     | Reached ** piety under Wu Jian
  9900 | D:11     | Found a staircase to the Lair.
  9910 | D:11     | Killed Erolcha
  9911 | D:11     | Reached skill level 11 in Unarmed Combat
 10099 | D:11     | Noticed a boulder beetle
 10107 | D:11     | Slain by a boulder beetle

Illustrated notes

Levels and vault maps discovered:
D:1:      dpeg_arrival_rhombi, layout_basic
D:2:      layout_loops_ring, serial_shops, nicolae_square_shop,
          nicolae_shop_tiny_real_fake_doors
D:3:      layout_loops_ring, serial_bayou, serial_bayou_shore_a,
          serial_bayou_ford_a, serial_bayou_pond_b, serial_bayou_crossing,
          ebering_ecumenical_altar_petrified
D:4:      layout_rooms, nicolae_ossuary_entry_catacombs,
          gammafunk_ghost_nasty_kobolds, uniq_pikel
D:5:      layout_basic, xom_redecorated, serial_shops, nicolae_stop_n_shop_1,
          minivault_27, minmay_bent
D:6:      layout_cave_pools
D:7:      layout_rooms, minmay_temple_entry_crystal_x, uniq_duvessa, uniq_joseph
D:8:      layout_basic, uniq_jeremiah
D:9:      gammafunk_wand_slinger, layout_gridville, serial_shops, shop
D:10:     layout_rooms, orc_0_dummy, nicolae_water_bricks, uniq_maggie
D:11:     layout_loops_corners, erik_lair_orcish_takeover, serial_shops, shop,
          gammafunk_ghost_arena, uniq_erolcha
Temple:   nicolae_temple_the_god_donut

Skill      XL: |  1  2  3  4  5  6  7  8  9 10 11 |
---------------+----------------------------------+-----
Fighting       | 2 3 4 5 6 8 9 10 | 10.8
Unarmed Combat | 4 5 7 8 10 11 | 11.1
Shapeshifting  | 4 5 6 7 9 10 | 10.2
Dodging        | |  2.0

Action                     |  1- 3 |  4- 6 |  7- 9 | 10-12 || total
---------------------------+-------+-------+-------+-------++-------
  Melee: Unarmed           |    61 |    74 |   271 |   309 ||   715
         Constrict         |    20 |    17 |    65 |    60 ||   162
         Tentacles         |     7 |    17 |    82 |   104 ||   210
         Punch             |     1 |     5 |    12 |     7 ||    25
Ability: Lunge             |       |       |       |    28 ||    28
  Evoke: Wand              |       |       |       |     2 ||     2
    Use: Scroll            |       |     2 |     5 |    16 ||    23
         Potion            |       |     1 |       |     1 ||     2
   Stab: Sleeping          |       |     3 |     8 |     2 ||    13
         Distracted        |       |       |     1 |       ||     1
 Armour: Skin              |    33 |    41 |   113 |   113 ||   300
  Dodge: Dodged            |    31 |    24 |   207 |   162 ||   424
   Form: Flux              |       |       |     1 |       ||     1
         Blade             |       |       |       |     1 ||     1

Table legend: (Time is in decaauts)
 A = Elapsed time spent in this place.
 B = Non-inter-level travel time spent in this place.
 C = Inter-level travel time spent in this place.
 D = Time resting spent in this place.
 E = Time spent auto-exploring this place.
 F = Levels seen in this place.
 G = Mean time per level.
                   A        B        C        D        E       F      G
               +--------+--------+--------+--------+--------+-----+--------+
         Total |  10019 |   9611 |    408 |   1134 |   6757 |  13 |  770.7 |
       Dungeon |   9146 |   8784 |    362 |    880 |   6440 |  11 |  831.5 |
        Temple |     48 |      2 |     46 |      0 |      0 |   1 |   48.0 |
       Ossuary |    824 |    824 |      0 |    254 |    317 |   1 |  824.0 |
               +--------+--------+--------+--------+--------+-----+--------+

Top non-repeatable levels by time:
     D:7: 1123 daAuts
     D:5: 1092 daAuts
     D:6: 1087 daAuts
     D:8: 1002 daAuts
     D:4: 950 daAuts
     D:9: 898 daAuts
 Ossuary: 824 daAuts
     D:3: 775 daAuts
     D:2: 743 daAuts
    D:10: 565 daAuts
    D:11: 455 daAuts
     D:1: 452 daAuts
  Temple: 48 daAuts
